Map: Lightshade LE

Players

LiquidClem (Clem)

  • Race: Terran Terran
  • League: Grandmaster

Vanya - Winner!

  • Race: Zerg Zerg
  • League: Master

Event: DreamHack SC2 Masters 2021 Summer

VOD

Have the link to the VOD?

Description

Time

  • Played on: May 19, 2021, 10:56 a.m.
  • Length: 8:00

All games in this series

Show
View Real Time Build Order
Export as new Build Order

LiquidClem Terran 

Build Orders: Reaper Expand, Hellion Banshee 

Get SALT Encoding   

  12  0:00  SCV  
  13  0:12  SCV  
  14  0:16  Supply Depot  
  14  0:24  SCV  
  15  0:38  SCV  
  15  0:40  Barracks  
  15  0:42  Refinery  
  16  0:50  SCV  
  17  1:02  SCV  
  18  1:14  SCV  
  19  1:26  Reaper  
  19  1:27  Orbital Command  
  20  1:39  Command Center  
  20  1:47  Supply Depot  
  20  1:52  SCV  
  21  1:58  Marine  
  22  2:04  SCV  
  23  2:11  Factory  
  23  2:16  SCV  
  23  2:18  Barracks Reactor  
  23  2:21  Refinery  
  24  2:28  SCV  
  25  2:40  SCV  
  26  2:51  Orbital Command  
  26  2:53  SCV  
  26  2:56  Starport  
  27  3:01  Hellion x2  
  27  3:02  Barracks Tech Lab  
  27  3:05  SCV  
  32  3:10  Supply Depot  
  32  3:16  SCV  
  32  3:17  SCV  
  34  3:24  Hellion x2  
  38  3:29  SCV x2  
  40  3:35  Supply Depot  
  40  3:39  Banshee  
  40  3:40  Cloaking Field  
  40  3:41  SCV x2  
  45  3:49  Hellion  
  45  3:50  Hellion  
  45  3:53  SCV  
  45  3:54  SCV  
  49  4:05  SCV, Supply Depot  
  49  4:06  SCV  
  51  4:14  Command Center  
  51  4:17  SCV  
  51  4:20  Barracks Tech Lab  
  51  4:22  Banshee  
  51  4:24  SCV  
  56  4:29  SCV  
  57  4:34  Factory Reactor  
  57  4:36  SCV  
  57  4:37  Barracks  
  57  4:38  Barracks  
  58  4:39  Marine  
  58  4:41  SCV  
  58  4:43  Stimpack  
  60  4:46  Supply Depot  
  60  4:48  SCV  
  61  4:53  SCV  
  61  4:57  Engineering Bay  
  61  4:58  Engineering Bay  
  62  5:00  SCV  
  62  5:01  Marine  
  62  5:05  SCV  
  62  5:06  Refinery  
  65  5:07  Refinery  
  65  5:12  SCV  
  66  5:15  Starport Reactor  
  66  5:19  SCV, Marine  
  66  5:27  Orbital Command  
  56  5:29  Marine  
  56  5:30  Marine  
  56  5:32  Siege Tank  
  56  5:35  SCV x2  
  63  5:36  Marine x2  
  63  5:37  Marine  
  66  5:47  Marine  
  66  5:48  Barracks  
  66  5:49  Barracks  
  67  5:50  Marine  
  67  5:52  SCV  
  67  5:53  SCV  
  67  5:54  Orbital Command, Marine  
  67  5:55  Medivac x2  
  67  5:56  Marine  
  76  5:57  Marine  
  77  6:04  SCV  
  77  6:05  SCV, Marine  
  77  6:07  Supply Depot  
  77  6:08  Marine  
  81  6:12  Marine  
  81  6:13  Marine, Siege Tank  
  81  6:17  Marine  
  70  6:21  SCV  
  70  6:23  Reaper  
  52  6:25  Marine  
  52  6:30  Marine  
  52  6:31  Marine  
  50  6:35  Marine  
  50  6:39  Marine x2  
  47  6:41  SCV  
  47  6:43  Marine  
  42  6:47  Marine  
  42  6:52  Marine  
  42  6:53  Marine  
  37  7:00  Marine  
  38  7:04  Marine  
  38  7:07  SCV  
  40  7:09  Marine x2  
  40  7:10  Marine  
  40  7:11  Marine x2  
  46  7:15  SCV  
  46  7:16  SCV  
  46  7:21  Marine  
  48  7:24  Siege Tank  
  48  7:28  SCV  
  48  7:29  SCV  
  53  7:31  SCV  
  53  7:36  Marine x2  
  56  7:38  Marine  
  56  7:41  Marine x2  
  56  7:44  SCV  
  61  7:47  SCV  
Show
View Real Time Build Order
Export as new Build Order

Vanya Zerg - Winner!

Build Orders: Hatch First 

Get SALT Encoding   

  12  0:00  Drone  
  13  0:12  Overlord  
  13  0:16  Drone  
  14  0:30  Drone x2  
  16  0:47  Hatchery  
  15  0:50  Drone  
  15  0:54  Drone  
  15  0:57  Drone  
  18  1:07  Extractor  
  17  1:12  Spawning Pool  
  17  1:15  Drone  
  18  1:18  Drone  
  18  1:27  Drone  
  19  1:38  Drone  
  20  1:49  Drone  
  21  1:59  Queen x2  
  21  2:00  Zergling x4  
  27  2:13  Hatchery  
  26  2:18  Metabolic Boost  
  26  2:26  Spore Crawler  
  25  2:32  Overlord  
  25  2:33  Drone  
  25  2:34  Drone  
  27  2:51  Drone x3, Queen  
  29  2:52  Overlord  
  29  2:55  Drone  
  33  3:00  Drone  
  33  3:04  Drone  
  35  3:12  Zergling x8  
  39  3:21  Zergling x4  
  39  3:26  Queen  
  39  3:27  Queen  
  43  3:32  Drone x2  
  47  3:34  Overlord  
  47  3:39  Drone x2  
  49  3:48  Overlord  
  49  3:52  Overlord  
  49  3:53  Overlord  
  49  3:55  Drone x3  
  52  3:58  Drone x2  
  52  4:00  Drone  
  56  4:10  Drone x2  
  56  4:11  Drone x2  
  59  4:18  Zergling x4  
  59  4:20  Queen  
  63  4:25  Zergling x6, Evolution Chamber  
  63  4:26  Evolution Chamber  
  64  4:34  Drone  
  64  4:36  Drone  
  64  4:37  Drone  
  67  4:38  Spore Crawler  
  67  4:40  Spore Crawler x2  
  67  4:42  Drone x3  
  67  4:43  Drone  
  68  4:46  Drone x2  
  64  5:00  Zergling x10  
  64  5:03  Zerg Melee Weapons Level 1  
  68  5:15  Zerg Ground Armor Level 1  
  68  5:16  Zergling x12  
  68  5:19  Hatchery, Drone x3  
  70  5:24  Zergling x6  
  70  5:32  Zergling x2  
  70  5:33  Zergling x6  
  74  5:37  Baneling Nest  
  73  5:45  Zergling x18  
  82  5:51  Overlord  
  82  5:54  Extractor  
  82  5:55  Extractor  
  77  5:57  Drone x2  
  77  5:59  Drone  
  77  6:02  Drone  
  73  6:12  Zergling x10  
  73  6:18  Zergling x10  
  80  6:24  Drone  
  79  6:27  Drone  
  79  6:30  Lair  
  78  6:33  Drone x2  
  78  6:39  Drone x2  
  74  6:40  Drone  
  74  6:42  Drone x3  
  74  6:45  Drone x2  
  79  6:48  Drone  
  79  6:50  Drone x2  
  75  6:56  Zergling x10  
  79  7:04  Zergling x8  
  78  7:09  Zergling x2  
  73  7:16  Zergling x12  
  73  7:17  Hatchery  
  79  7:22  Zergling x2  
  79  7:23  Zergling x6  
  79  7:28  Zergling x6  
  85  7:41  Zergling x2  
  85  7:42  Zergling x4  
Tags
 
Add a new tag
Caveats
  • Supply blocks, unpowered buildings, or Contaminate may cause inaccurate times.
  • Supply counts are checked every 10 seconds.